 Dungeon Crawl Stone Soup version 0.17-a0-1378-g281efdd (webtiles) character file.

64 stocazzo the Skirmisher (level 4, 28/30 HPs)
             Began as a Gargoyle Fighter on June 14, 2015.
             Quit the game on level 2 of the Dungeon.
             The game lasted 00:04:41 (1120 turns).

stocazzo the Skirmisher (Gargoyle Fighter)          Turns: 1120, Time: 00:04:41

Health: 28/30      AC: 15    Str: 19    XL:     4   Next: 12%
Magic:  4/4        EV:  5    Int:  9    God:
Gold:   85         SH:  9    Dex: 10    Spells: 0 memorised, 3 levels left

rFire  + . .     SeeInvis .     a - +0 flail
rCold  . . .     Clarity  .     j - +0 chain mail (curse)
rNeg   + . .     SustAt   .     c - +0 shield
rPois  ∞         Gourm    .     b - +1 hat
rElec  +         Spirit   +     i - +0 cloak
rCorr  .         Warding  .     (no gloves)
rMut   .         Stasis   .     (no boots)
MR     .....                    g - amulet of guardian spirit
Stlth  ..........               (no ring)
                                h - ring of protection from fire

@: not resistant to hostile enchantments, extremely unstealthy
A: negative energy resistance 1, electricity resistance, unbreathing,
petrification resistance, rot immunity, AC +3
a: no special abilities


You were on level 2 of the Dungeon.
You were not hungry.

You visited 1 branch of the dungeon, and saw 2 of its levels.

You collected 85 gold pieces.

Inventory:

Hand weapons
 a - a +0 flail (weapon)
Armour
 b - a +1 hat (worn)
 c - a +0 shield (worn)
 i - a +0 cloak (worn)
 j - a cursed +0 chain mail (worn)
Jewellery
 g - an amulet of guardian spirit (around neck)
 h - a ring of protection from fire (left hand)
 k - an uncursed amulet of stasis
Scrolls
 l - a scroll of amnesia {unknown}
 p - 4 scrolls of enchant armour {unknown}
 q - a scroll of random uselessness {unknown}
 r - a scroll of remove curse {unknown}
Potions
 d - a potion of might
 f - a potion of resistance {unknown}
 o - 2 potions of curing {unknown}
Comestibles
 e - a bread ration
 m - 2 meat rations
 n - a slice of pizza


   Skills:
 * Level 4.4 Fighting
 + Level 2.5 Maces & Flails
 + Level 3.5 Armour
 + Level 3.7 Shields


You had 3 spell levels left.
You didn't know any spells.

Dungeon Overview and Level Annotations

Branches:
Dungeon (2/15)

Altars:
Cheibriados


Innate Abilities, Weirdness & Mutations

You are resistant to torment.
Your stone body is resilient (AC +3).
You are immune to poison.
You resist negative energy.
You are resistant to electric shocks.
You can survive without breathing.
You are immune to petrification.
You are immune to rotting.


Message History

No target in view!
Things that are here:
a dagger; a kobold corpse You see here 5 tomahawks.
A bat comes into view.
The bat barely misses you. x2
A bat is nearby!
You miss the bat. The bat hits you but does no damage.
The bat closely misses you. The bat hits you but does no damage.
The bat hits you but does no damage.
Your chain mail prevents you from hitting the bat.
The bat barely misses you. The bat hits you but does no damage.
The bat hits you but does no damage.
No target in view!
No target in view!
No target in view!
No target in view!
Drink which item? (? for menu, Esc to quit)
Okay, then.
Are you sure you want to abandon this character and quit the game? (Confirm with "yes".)

#.####.#.##.........
#.# #.#.####.......
#.# #.#..........##
#.# #.######.##..#
##.####.#..........#
#.......#(####..#..#
#########'## #..#..#
#....##..(.# #..#..#
#@##..(.# #..#..#
#.##....# #..#...
#.##...)###..##.#
#.####.#.......
#....(.......##
########.##.######
..............
####.#.......#
###.#.......#


There were no monsters in sight!

Vanquished Creatures
  3 adders (D:2)
  A giant gecko (D:1)
  2 giant cockroaches
  4 hobgoblins
  4 jackals
  7 kobolds
  A quokka (D:2)
  A bat (D:2)
  2 giant newts
  9 goblins
  A rat (D:2)
35 creatures vanquished.

Notes
Turn   | Place    | Note
--------------------------------------------------------------
     0 | D:1      | stocazzo the Gargoyle Fighter began the quest for the Orb.
     0 | D:1      | Reached XP level 1. HP: 14/14 MP: 1/1
   118 | D:1      | Reached XP level 2. HP: 19/19 MP: 2/2
   661 | D:2      | Reached XP level 3. HP: 24/24 MP: 3/3
   774 | D:2      | Reached skill level 4 in Fighting
   947 | D:2      | Found a snail-covered altar of Cheibriados.
  1057 | D:2      | Reached XP level 4. HP: 27/30 MP: 4/4
  1120 | D:2      | Quit the game

Vault maps used:
D:1:      lightli_molten_gateway, serial_bayou_crossing
D:2:      cheibriados_altar_1, tgw_trog

Action                   |  1- 3 |  4- 6 || total
-------------------------+-------+-------++-------
Melee: Flail             |   120 |     4 ||   124
  Eat: Bread ration      |     1 |       ||     1
